[Event "*** SCC Grand Prix: Titled Tuesday Blitz"]
[Site "Chess.com"]
[Date "2020.06.09"]
[Round "7"]
[White "GM_Buhmann"]
[Black "viktorskliarov"]
[Result "0-1"]
[WhiteElo "2728"]
[BlackElo "2603"]
[TimeControl "180+1"]
[EndTime "10:19:19 PDT"]
[Termination "viktorskliarov won by resignation"]

1. d4 Nf6 2. c4 e6 3. Nc3 Bb4 4.
e3 b6 5. Bd2 Bb7 6. Nf3 O-O 7. Bd3 Bxc3 8. Bxc3 Ne4 9. Qc2 f5 10.
O-O d6 11. Be1 Nd7 12. Nd2 Nxd2 13. Qxd2 Qg5 14. f3 Nf6 15. Rc1 c5 16. Bg3 Rad8 17.
Qf2 Qg6 18. Rcd1 Ne4 19. fxe4 fxe4 20. Qxf8+ Rxf8 21. Rxf8+ Kxf8 22. Bxd6+ Ke8 23. Be2 cxd4 24. Rxd4 Qg5 25. Bf4 Qa5 26. Kf2 e5 27. b4 Qxb4 28. Bxe5 Qa3 29. Bxg7 Qxa2 30. Be5 Ke7 31. h4 a5 32. Bc7 Qb2 33. c5 bxc5 34. Bd6+ Kf6 35. Bxc5 Qc2 36. Ba3 a4 37. Rc4 Qb3 38. Rb4 Qxa3 39.
Rb6+ Ke5 40. Rxb7 Qc3 41. Rb5+ Kd6 42. Rb6+ Kc7 43. Ra6 a3 44. g4 Qb2 45. g5 a2 46. h5 a1=Q 47. Rxa1 Qxa1 48. Kg3 Qe5+ 49. Kg4 Kd6 50. g6 h6 0-1

[Event "*** SCC Grand Prix: Titled Tuesday Blitz"]
[Site "Chess.com"]
[Date "2020.06.09"]
[Round "7"]
[White "doctorcristian"]
[Black "Caracternin123"]
[Result "0-1"]
[WhiteElo "2417"]
[BlackElo "2562"]
[TimeControl "180+1"]
[EndTime "10:19:19 PDT"]
[Termination "Caracternin123 won by checkmate"]

1. d4 Nf6 2. Nc3 d5 3. Bf4 e6 4. Nb5 Na6 5. e3 c6 6. Nc3 Bd6 7. Bxd6 Qxd6 8. Bxa6 bxa6 9. Nf3 O-O 10. O-O Nd7 11. Na4 Rb8 12. Nd2 a5 13. b3 c5 14. c3 Ba6 15. Re1 Rfc8 16. Rc1 c4 17. e4 Bb5 18. exd5 Bxa4 19. dxe6 cxb3 20. axb3 Bxb3 21.
exf7+ Bxf7 22. Ne4 Qg6 23. Qa4 Nb6 24. Qxa5 Nd5 25. Qxa7 Re8 26. f3 Nf4 27. Ng3 Ra8 28. Qc7 Nd3 29. Rxe8+ Rxe8 30. Ra1 Qg5 31. h3 h5 32. Ne4 Qe3+ 33. Kh2 Nf4 34. Ra2 Ne2 35. Rxe2 Qxe2 36. Ng5 Qe7 37. Qf4 Rc8 38. Qf5 Qc7+ 39. Kh1 g6 40. Qf6 Rf8 41. Ne6 Bxe6 42. Qxg6+ Qg7 43.
Qxe6+ Qf7 44. Qe5 Qf5 45. Qg3+ Kh7 46. Qc7+ Rf7 47. Qd6 Ra7 48. Kh2 h4 49. d5 Rg7 50. c4 Qg5 51. g4 hxg3+ 52. Kg1 Qc1+ 53. Kg2 Qd2+ 54. Kh1 Qh2# 0-1

[Event "*** SCC Grand Prix: Titled Tuesday Blitz"]
[Site "Chess.com"]
[Date "2020.06.09"]
[Round "7"]
[White "DonPreuss"]
[Black "colegiodemadrid"]
[Result "1-0"]
[WhiteElo "2230"]
[BlackElo "2357"]
[TimeControl "180+1"]
[EndTime "10:19:19 PDT"]
[Termination "DonPreuss won by resignation"]

1. d4 Nf6 2. Nc3 d5 3. e4 dxe4 4. f3 exf3 5. Nxf3 g6 6. Bd3 Bg7 7. O-O O-O 8. Qe1 Nc6 9. Qh4 Bg4 10. Ne2 Qd5 11. Nf4 Qd6 12. c3 e5 13. dxe5 Nxe5 14.
Nxe5 Qxe5 15. Nh3 Bxh3 16. Qxh3 Rad8 17. Bc2 Rfe8 18. Bf4 Qc5+ 19. Kh1 Re2 20. Bb3 Rxb2 21. Rae1 Rf2 22. Bg3 Rxf1+ 23. Rxf1 Qxc3 24. Qh4 Qd3 25. Bc4 Qd4 26. Rf4 Qa1+ 27. Rf1 Rd1 28. Be1 Rd4 29. Qf2 Rxc4 30. Bd2 Qd4 31. Be3 Qd6 32. h3 Re4 33. Bg5 Re6 34. Bf4 Qe7 35. Qxa7 h6 36. Qxb7 Re1 37. Qf3 Rxf1+ 38. Qxf1 Ne4 39. Qa6 f5 40.
Qa8+ Kh7 41. Qc6 Nf6 42. Qxc7 Nh5 43. Qxe7 Nxf4 44. a4 Nd5 45. Qb7 Nc3 46. a5 Ne2 47. a6 Ng3+ 48. Kg1 h5 49. Kf2 h4 50. a7 Kh6 51.
a8=Q Bd4+ 52. Ke1 1-0

[Event "*** SCC Grand Prix: Titled Tuesday Blitz"]
[Site "Chess.com"]
[Date "2020.06.09"]
[Round "7"]
[White "MikaelyanArman"]
[Black "heartofatiger"]
[Result "1-0"]
[WhiteElo "2762"]
[BlackElo "2593"]
[TimeControl "180+1"]
[EndTime "10:19:21 PDT"]
[Termination "MikaelyanArman won on time"]

1. Nf3 Nf6 2. c4 g6 3. b3 Bg7 4. Bb2 O-O 5. g3 d6 6. Bg2 e5 7. O-O a5 8. d3 Nc6 9. Nc3 h6 10. e3 Be6 11. d4 exd4 12. Nxd4 Bd7 13. Nd5 Re8 14. Qd2 a4 15. b4 Ne5 16. Rac1 a3 17. Ba1 Nh7 18. f4 Ng4 19. h3 Ngf6 20. g4 c6 21. Nc3 Qe7 22. Rce1 Rad8 23. Nb3 Be6 24.
Na5 Qc7 25. f5 Bc8 26. Qd3 Nf8 27. e4 N8d7 28. Nb3 Ne5 29. Qe2 Qb6+ 30. c5 Qxb4 31. cxd6 Rxd6 32. Kh1 Rd3 33. Nd5 cxd5 34. Bxe5 dxe4 35.
Bxf6 Bxf6 36. fxg6 Qe7 37. gxf7+ Qxf7 38. Nc5 Rd4 39. Qf2 Rf8 40. Nxe4 Bg7 41. Qe3 Qd7 42. Rxf8+ Bxf8 43. Nf6+ 1-0

[Event "*** SCC Grand Prix: Titled Tuesday Blitz"]
[Site "Chess.com"]
[Date "2020.06.09"]
[Round "7"]
[White "kingofthenil"]
[Black "GMJustin"]
[Result "1-0"]
[WhiteElo "2438"]
[BlackElo "2297"]
[TimeControl "180+1"]
[EndTime "10:19:21 PDT"]
[Termination "kingofthenil won on time"]

1. e4 e5 2. Nf3 Nc6 3. Bc4 Nf6 4. d3 h6 5. c3 d6 6. Bb3 g5 7. d4 exd4 8. cxd4 Nxe4 9. O-O d5 10. Re1 Be7 11. Nc3 Nxc3 12. bxc3 O-O 13. Ne5 Nxe5 14. Rxe5 Be6 15. Re2 c6 16. Re3 Bd6 17. Qh5 Qf6 18. h4 g4 19. Bc2 Rae8 20. Re5 g3 21. fxg3 Bxe5 22. dxe5 Qg7 23. Bxh6 Qg4 24. Qxg4+ Bxg4 25. Bxf8 Kxf8 26. Rb1 b5 27. a4 a6 28. axb5 axb5 29. Re1 f6 30. e6 Rxe6 31. Rxe6 Bxe6 32. Kf2 c5 33. Ke3 Kg7 34. Kf4 b4 35. cxb4 cxb4 36. Ke3 b3 37. Bb1 d4+ 38. Kxd4 Kh6 39. Ke3 Bd5 40. Kf2 Kh5 41. Bd3 b2 42. Bb1 Kg4 43. Bc2 f5 44. Bd1+ 1-0

[Event "*** SCC Grand Prix: Titled Tuesday Blitz"]
[Site "Chess.com"]
[Date "2020.06.09"]
[Round "7"]
[White "Shushik"]
[Black "Logman74"]
[Result "0-1"]
[WhiteElo "2168"]
[BlackElo "2341"]
[TimeControl "180+1"]
[EndTime "10:19:21 PDT"]
[Termination "Logman74 won by checkmate"]

1. e4 c6 2. d4 d5 3. Nc3 dxe4 4. Nxe4 Nf6 5. Nxf6+ gxf6 6. Nf3 Bf5 7. Bc4 e6 8. Bb3 Nd7 9. c4 Rg8 10. g3 Bb4+ 11.
Bd2 Bxd2+ 12. Qxd2 Qb6 13. d5 Nc5 14. O-O O-O-O 15. Qc3 e5 16. Bc2 Ne4 17. Bxe4 Bxe4 18. Nd2 Bf5 19. c5 Qb5 20. d6 Qd3 21. Qxd3 Bxd3 22.
Rfe1 b6 23. b4 Rg4 24. Re3 Bf5 25. a3 Rd4 26. Nb3 Rd5 27. Rc1 Kb7 28. f3 Bd3 29. Kf2 f5 30. Rd1 e4 31. Rc1 Rg8 32. Rc3 Re8 33.
Nc1 Bb5 34. Nb3 Rd1 35. Rc1 Rd5 36. fxe4 fxe4 37. Rce1 f5 38. h3 Bc4 39. g4 Rf8 40. gxf5 Rdxf5+ 41. Kg3 Rg8+ 42. Kh2 Rf2+ 43. Kh1 Rgg2 44.
d7 Rh2+ 45. Kg1 Rfg2# 0-1

[Event "*** SCC Grand Prix: Titled Tuesday Blitz"]
[Site "Chess.com"]
[Date "2020.06.09"]
[Round "7"]
[White "chargemax23"]
[Black "pastouche06"]
[Result "1-0"]
[WhiteElo "2699"]
[BlackElo "2494"]
[TimeControl "180+1"]
[EndTime "10:19:22 PDT"]
[Termination "chargemax23 won on time"]

1. c4 e6 2. Nc3 d5 3. e3 Nf6 4.
Nf3 c5 5. cxd5 exd5 6. d4 Nc6 7. Bb5 Bd6 8. dxc5 Bxc5 9. O-O O-O 10. b3 Bg4 11. Be2 Rc8 12. Bb2 Re8 13. Rc1 Bd6 14. h3 Bh5 15. Nd4 Bg6 16. Bf3 Be5 17. Nce2 Be4 18.
Qd2 Bxf3 19. gxf3 Nh5 20. f4 Bb8 21. Nf3 Qd7 22. Kg2 Re6 23. Rh1 Rg6+ 24. Kf1 Nf6 25. Rd1 Rh6 26. Ng5 Rd8 27. Ng3 Nh5 28. Rg1 Nxg3+ 29.
Rxg3 f6 30. Ne4 Kh8 31. Kg2 Ne7 32. Qc3 Nf5 33. Nxf6 d4 34. Nxd7 dxc3 35. Bxc3 Nxg3 36. fxg3 Rd6 37. Rxd6 Bxd6 38. Ne5 Bxe5 39. Bxe5 Rd2+ 40.
Kf3 Rxa2 41. b4 Ra4 42. Bd6 Kg8 43.
g4 Kf7 44. f5 Ra3 45. h4 Rb3 46. Kf4 Rd3 47. Bc5 b6 48. Bd4 Rb3 49. e4 Rxb4 50. Ke5 Rb5+ 51. Kd6 a5 52. e5 a4 53. e6+ Ke8 54. Bxg7 a3 55. f6 1-0

[Event "*** SCC Grand Prix: Titled Tuesday Blitz"]
[Site "Chess.com"]
[Date "2020.06.09"]
[Round "7"]
[White "chesstrainer2042"]
[Black "i_am_sankalp"]
[Result "1/2-1/2"]
[WhiteElo "2433"]
[BlackElo "2192"]
[TimeControl "180+1"]
[EndTime "10:19:22 PDT"]
[Termination "Game drawn by repetition"]

1. d4 Nf6 2. Nf3 g6 3. g3 Bg7 4. b3 O-O 5. Bb2 d6 6. Bg2 c6 7.
O-O Qa5 8. Nbd2 Qh5 9. e4 Bh3 10.
Re1 Nbd7 11. Bh1 Bg4 12. Nc4 Bh6 13. Ne3 Bxe3 14. Rxe3 e5 15. Qd2 Nxe4 16. Rxe4 Bxf3 17. Rh4 Qf5 18. Qh6 Nf6 19. dxe5 dxe5 20. Bxf3 Qxf3 21.
Bxe5 Rfe8 22. Bxf6 Qxf6 23. Qxh7+ Kf8 24. Qh8+ Qxh8 25.
Rxh8+ Kg7 26. Rxe8 Rxe8 27. Kf1 g5 28. Rd1 Re7 29. h3 f6 30. Rd6 Kg6 31. g4 Rh7 32. Kg2 Rc7 33. c4 c5 34. a3 Kf7 35. Kg3 Ke7 36. Rd5 Ke6 37. h4 gxh4+ 38. Kxh4 b5 39. Kg3 a5 40. f4 a4 41. f5+ Ke7 42. bxa4 bxc4 43. Kf3 Ra7 44. Rxc5 Rxa4 45. Kf4 c3+ 46. Ke3 Rxa3 47. Kd3 Ra4 48. Kxc3 Rxg4 49. Kd3 Kf7 50. Ke3 Kg7 51. Rc6 Ra4 52. Kf3 Rb4 53. Kg3 Rd4 54. Kf3 Ra4 55. Kg3 Rb4 56. Kf3 Ra4 57. Kg3 Rb4 58. Kf3 Ra4 1/2-1/2

[Event "*** SCC Grand Prix: Titled Tuesday Blitz"]
[Site "Chess.com"]
[Date "2020.06.09"]
[Round "7"]
[White "kuban1991"]
[Black "LiemLe"]
[Result "0-1"]
[WhiteElo "2783"]
[BlackElo "2914"]
[TimeControl "180+1"]
[EndTime "10:19:23 PDT"]
[Termination "LiemLe won by resignation"]

1. Nf3 Nf6 2. g3 c5 3. Bg2 Nc6 4. O-O g6 5. c4 d6 6. Nc3 Bg7 7. d3 h5 8. h4 Bg4 9. Bd2 Qd7 10. a3 Bh3 11. Rb1 Bxg2 12. Kxg2 O-O 13. b4 e6 14. Ng5 b6 15. Qa4 Qb7 16. Kg1 Rad8 17. bxc5 dxc5 18. Nce4 Nxe4 19. Nxe4 Nd4 20. Rfe1 Qa8 21.
Bc3 e5 22. Qd1 f5 23. Ng5 e4 24. Bxd4 Bxd4 25. Ne6 f4 26. e3 fxe3 27. fxe3 Bc3 28.
Nxf8 Rxd3 29. Qe2 Qxf8 30. Rf1 Qd6 31. Qf2 Rxe3 32. Qf7+ Kh8 33. Qf8+ Qxf8 34. Rxf8+ Kg7 35. Ra8 Rxg3+ 36. Kf2 Rf3+ 37. Kg2 Rf7 38. Rb3 Bd4 39.
Re8 e3 40. a4 Rf2+ 41. Kg3 Kh6 42. Rbxe3 Bxe3 43. Rxe3 Rc2 44. Re7 Rc3+ 45. Kg2 Rxc4 46.
Rxa7 Rxh4 47. Ra6 Rb4 48. a5 bxa5 49. Rxa5 Rc4 50. Kg3 h4+ 0-1

[Event "*** SCC Grand Prix: Titled Tuesday Blitz"]
[Site "Chess.com"]
[Date "2020.06.09"]
[Round "7"]
[White "angryhorse9"]
[Black "DrBergerBerger"]
[Result "0-1"]
[WhiteElo "2328"]
[BlackElo "2440"]
[TimeControl "180+1"]
[EndTime "10:19:24 PDT"]
[Termination "DrBergerBerger won by resignation"]

1. e4 e6 2. d3 d5 3. Nd2 Nc6 4. Ngf3 Nf6 5. g3 dxe4 6. dxe4 Bc5 7. Bg2 O-O 8. O-O e5 9. h3 Qe7 10. c3 a5 11. Re1 Rd8 12. Qc2 b6 13. Nc4 Ba6 14. Bf1 Qe6 15. Ng5 Qe8 16. Kg2 h6 17. Nf3 Qe6 18. Ne3 Bxf1+ 19. Rxf1 Bxe3 20. Bxe3 Qc4 21. Nd2 Qd3 22. Qxd3 Rxd3 23. Kf3 Rad8 24. Ke2 a4 25. a3 Na5 26. f3 b5 27. Rad1 Nh5 28.
Bf2 g6 29. Nb1 Rxd1 30. Rxd1 Rxd1 31. Kxd1 Nc4 32. Kc2 f5 33. Nd2 Kf7 34. Nxc4 bxc4 35. Kd2 Ng7 36. exf5 gxf5 37. Ke3 Ke6 38. g4 f4+ 39.
Ke2 Kd5 40. Bh4 Ne6 41. Bf6 e4 42. h4 Nf8 43. h5 Ne6 44. Be7 c6 45. Bf6 c5 46. Be7 Ke5 47. g5 Nxg5 48. Bxg5 exf3+ 49. Kxf3 hxg5 0-1

[Event "*** SCC Grand Prix: Titled Tuesday Blitz"]
[Site "Chess.com"]
[Date "2020.06.09"]
[Round "7"]
[White "AlexOstrovskiy"]
[Black "platy3"]
[Result "0-1"]
[WhiteElo "2586"]
[BlackElo "2744"]
[TimeControl "180+1"]
[EndTime "10:19:25 PDT"]
[Termination "platy3 won by resignation"]

1. d4 Nf6 2. Bg5 d5 3. Bxf6 gxf6 4. e3 c5 5. dxc5 e6 6. Nf3 Bxc5 7. Be2 Nc6 8. O-O f5 9. c4 dxc4 10. Qc2 b6 11. a3 Bb7 12. Nbd2 Rc8 13. Nxc4 b5 14.
Nce5 Nxe5 15. Nxe5 Rg8 16. Nf3 Bxe3 17. Qb3 Bb6 18.
Rfd1 Qc7 19. Bxb5+ Kf8 20. Rd7 Qc5 21. Rf1 Bd5 22.
Rxd5 Qxd5 23. Qb4+ Qc5 24. Qb3 Qc2 25. Qb4+ Bc5 26.
Qh4 Qe4 27. Qh6+ Ke7 28. Qh3 Rg6 29. Kh1 Qf4 30. Nh4 Rh6 31. g3 Rxh4 32. Qxh4+ Qxh4 33. gxh4 Rb8 34. Be2 Rxb2 35. Bf3 Rxf2 36. Rxf2 Bxf2 37. Kg2 Bxh4 38. Bb7 Bf6 39. Kf3 Be5 40. h3 Bd6 41. a4 e5 42. Bc8 Kf6 43. Bd7 e4+ 44. Ke3 Ke5 45. Ke2 f4 46. Be8 f6 47. Bf7 Bc5 48. Bg8 h6 49. Bh7 f3+ 50. Ke1 Kf4 0-1

[Event "*** SCC Grand Prix: Titled Tuesday Blitz"]
[Site "Chess.com"]
[Date "2020.06.09"]
[Round "7"]
[White "chessmaugli"]
[Black "KamlaPasand"]
[Result "1-0"]
[WhiteElo "2451"]
[BlackElo "2219"]
[TimeControl "180+1"]
[EndTime "10:19:25 PDT"]
[Termination "chessmaugli won on time"]

1. e4 c5 2. Nf3 d6 3. d4 cxd4 4. Qxd4 Nf6 5. e5 Nc6 6. Bb5 Qa5+ 7. Nc3 dxe5 8. Nxe5 Qxb5 9. Nxb5 Nxd4 10. Nxd4 a6 11.
c4 e6 12. Be3 Bd6 13. Ndf3 Bd7 14. O-O-O Be7 15. Rd3 h5 16. Rhd1 Ba4 17. b3 Bc6 18. Nxc6 bxc6 19. Ne5 Rc8 20. Bg5 Ba3+ 21. Kc2 Be7 22.
f3 O-O 23. Nd7 Rfe8 24. Bf4 Nxd7 25. Rxd7 Bf6 26. Ra7 e5 27. Be3 e4 28. f4 Red8 29. Rxa6 Ra8 30. Rxa8 Rxa8 31. a4 Kh7 32. Rd7 Kg6 33. Rc7 Rd8 34. a5 Rd3 35. Bd2 Kf5 36.
a6 Rd8 37. Be3 h4 38. a7 h3 39. g3 Kg4 40. Rb7 Kf3 41. Rb8 Rd3 42. a8=Q Rc3+ 43. Kd1 Rd3+ 44. Bd2 1-0

[Event "*** SCC Grand Prix: Titled Tuesday Blitz"]
[Site "Chess.com"]
[Date "2020.06.09"]
[Round "7"]
[White "Shivagami"]
[Black "Bhagya_2312"]
[Result "1-0"]
[WhiteElo "2268"]
[BlackElo "2126"]
[TimeControl "180+1"]
[EndTime "10:19:26 PDT"]
[Termination "Shivagami won on time"]

1. d4 d5 2. c4 e6 3. Nc3 c5 4. cxd5 exd5 5. dxc5 d4 6. Ne4 Nc6 7. Nf3 Bxc5 8. Nxc5 Qa5+ 9. Bd2 Qxc5 10. g3 Nge7 11.
Bg2 O-O 12. O-O Qb6 13. Qb3 Be6 14. Qxb6 axb6 15. b3 h6 16. Rfd1 Rfd8 17. Bf4 Nd5 18. Ne5 Nxe5 19. Bxe5 Nc3 20. Rd2 Bxb3 21. a3 Bc4 22.
Bf3 Rd7 23. Bxd4 Bxe2 24. Bxc3 Rxd2 25. Bxd2 Bxf3 26. Bb4 Rc8 27. Kf1 Rc2 28. Ke1 Re2+ 29.
Kf1 f6 30. Rc1 Rb2 31. Re1 Kf7 32. Re7+ Kg6 33. Ke1 h5 34. h4 Bc6 35. Rc7 Rc2 36. Kd1 Rxf2 37. Ke1 Rg2 38. Bd6 Rg1+ 39. Kf2 1-0

[Event "*** SCC Grand Prix: Titled Tuesday Blitz"]
[Site "Chess.com"]
[Date "2020.06.09"]
[Round "7"]
[White "Pintacara"]
[Black "Aradej"]
[Result "0-1"]
[WhiteElo "2337"]
[BlackElo "2494"]
[TimeControl "180+1"]
[EndTime "10:19:27 PDT"]
[Termination "Aradej won on time"]

1. d4 d6 2. Bg5 Nd7 3. Nc3 Ngf6 4. Nf3 e5 5. e4 Be7 6. Bc4 h6 7. Bh4 O-O 8. O-O Re8 9. Bg3 Bf8 10. dxe5 dxe5 11.
Qe2 c6 12. Rfd1 Qc7 13. a4 Nh5 14. Nh4 Nf4 15. Bxf4 exf4 16. Bxf7+ Kxf7 17. Qh5+ Ke7 18. Nf5+ Kd8 19. Rd3 Qe5 20. Rad1 Qf6 21. f3 g6 22. Qh4 Qxh4 23. Nxh4 Re6 24. Ne2 Kc7 25. Nxf4 Ne5 26. Nxe6+ Bxe6 27. Rc3 Bb4 28. Rcd3 g5 29. Nf5 Bxf5 30.
exf5 Nxd3 31. Rxd3 Rf8 32. g4 Re8 33. Kf1 Re1+ 34.
Kf2 Rc1 35. c3 Bc5+ 36. Kg3 Bd6+ 37. f4 Bxf4+ 38. Kf3 Re1 39. h3 a5 40. b4 axb4 41.
cxb4 Rb1 42. Rd4 Bd6 43. b5 cxb5 44. axb5 Rxb5 45. Ra4 Rb3+ 46. Ke4 Rxh3 47. f6 Rg3 48. Kf5 b5 49. Ra7+ Kb6 50. Rd7 Kc6 51. Ra7 b4 52.
f7 Rf3+ 53. Kg6 b3 54. Ra6+ Kd5 55. Ra7 Kc4 56. Rb7 Bb4 0-1

[Event "*** SCC Grand Prix: Titled Tuesday Blitz"]
[Site "Chess.com"]
[Date "2020.06.09"]
[Round "7"]
[White "djano"]
[Black "Roman_Ovetchkin"]
[Result "1/2-1/2"]
[WhiteElo "2407"]
[BlackElo "2569"]
[TimeControl "180+1"]
[EndTime "10:19:27 PDT"]
[Termination "Game drawn by repetition"]

1. d4 Nf6 2. Nf3 g6 3. Bf4 Bg7 4. Nbd2 O-O 5. c3 d6 6. h3 c5 7. dxc5 dxc5 8. e4 Nc6 9. Bh2 b6 10. e5 Nd5 11. Qa4 Bb7 12. Qh4 Nc7 13. O-O-O e6 14.
Qxd8 Raxd8 15. Nc4 Rxd1+ 16. Kxd1 Rd8+ 17. Kc1 Bh6+ 18. Kc2 Ne8 19. Bd3 Ne7 20. Rd1 Nf5 21. a4 Kf8 22.
Ne1 Bc6 23. b3 Nh4 24. f3 Nf5 25. Be4 Rxd1 26. Kxd1 Bxe4 27. fxe4 Ne3+ 28. Nxe3 Bxe3 29. Ke2 Bh6 30. Kd3 Ke7 31. Nc2 Kd7 32. Na3 Kc6 33.
Nb5 a6 34. Nd6 Nxd6 35. exd6 f6 36. e5 fxe5 37. Bxe5 Bf8 38. c4 Bxd6 39. Bf6 Bc7 40. Ke4 Kd7 41. g4 Kc6 42. Bc3 b5 43. axb5+ axb5 44. Bd2 h5 45. gxh5 gxh5 46. Be3 Bd6 47. Bd2 b4 48.
Be1 Kd7 49. Bh4 Ke8 50. Bg5 Kf7 51. Bh4 Kg6 52. Bd8 Kf7 53. Bh4 Be7 54. Bf2 Kg6 55. Ke5 Kf7 56. Ke4 Bd6 57. Bh4 1/2-1/2

[Event "*** SCC Grand Prix: Titled Tuesday Blitz"]
[Site "Chess.com"]
[Date "2020.06.09"]
[Round "7"]
[White "Lion-Al-Messi"]
[Black "volcanoexplorer"]
[Result "1-0"]
[WhiteElo "2413"]
[BlackElo "2540"]
[TimeControl "180+1"]
[EndTime "10:19:28 PDT"]
[Termination "Lion-Al-Messi won by checkmate"]

1. e4 e5 2. Nf3 Nc6 3. Bb5 a6 4. Ba4 Nf6 5. O-O Be7 6. Qe2 b5 7. Bb3 O-O 8. c3 d6 9. Rd1 Bg4 10. h3 Bh5 11. d3 Na5 12. Bc2 c5 13. Nbd2 Qc7 14. Nf1 Nc6 15. g4 Bg6 16. Ng3 d5 17. Nh4 dxe4 18. dxe4 Rfd8 19. Be3 c4 20. Nhf5 Bf8 21.
g5 Nd7 22. h4 Nc5 23. h5 Bxf5 24. exf5 f6 25. Qg4 Kh8 26. h6 gxh6 27. gxf6 Qf7 28. Nh5 Nd3 29. Kh2 Rd7 30. Rg1 Re8 31. Rg3 e4 32.
Rag1 Bd6 33. Bxh6 Nce5 34. Bg7+ Kg8 35. Qxe4 Qxh5+ 36. Kg2 Ng4 37. Qxg4 Bxg3 38. Qxg3 Ne1+ 39. Rxe1 Rxe1 40. Qb8+ Re8 41. Qg3 Re1 42. Qb8+ Qe8 43. Qf4 Rxg7+ 44. fxg7 Kxg7 45. f6+ Kh8 46. f7 Qa8+ 47.
Be4 Rxe4 48. f8=Q+ Qxf8 49. Qxf8# 1-0

[Event "*** SCC Grand Prix: Titled Tuesday Blitz"]
[Site "Chess.com"]
[Date "2020.06.09"]
[Round "7"]
[White "vitnik2020"]
[Black "AshotParvanyan"]
[Result "1/2-1/2"]
[WhiteElo "2305"]
[BlackElo "2428"]
[TimeControl "180+1"]
[EndTime "10:19:28 PDT"]
[Termination "Game drawn by repetition"]

1. e4 e6 2. d4 d5 3. exd5 exd5 4.
Nf3 Nc6 5. Bb5 Bd6 6. c4 dxc4 7. d5 a6 8. Ba4 b5 9. dxc6 bxa4 10.
O-O Ne7 11. Qxa4 O-O 12. Nbd2 Be6 13. Nxc4 Bd5 14. Nxd6 Qxd6 15. Bf4 Qg6 16. Bg3 Bxc6 17. Qa3 Bxf3 18. Qxf3 Qb6 19. b3 c5 20. Rac1 Rac8 21.
Rfe1 Nc6 22. Be5 Rfe8 23. Qg3 Nxe5 24. Rxe5 Qa5 25. h4 Qxa2 26. Rcxc5 h6 27. Ra5 Qb1+ 28. Kh2 Rxe5 29. Rxe5 Rc1 30. Qf4 Rh1+ 31. Kg3 Qg6+ 32. Qg4 Qd3+ 33. Qf3 Qg6+ 34. Qg4 Qd6 35. Qf4 Rd1 36.
Re8+ Kh7 37. Qxd6 Rxd6 38. Re7 Kg6 39. h5+ Kf6 40. Rb7 Kg5 41. Rxf7 Rb6 42. Ra7 Rxb3+ 43.
f3 Ra3 44. Rxg7+ Kxh5 45. Ra7 Kg6 46. Kg4 a5 47. f4 h5+ 48. Kh4 a4 49. Ra5 Ra2 50.
g4 hxg4 51. Kxg4 a3 52. Ra6+ Kf7 53. Kf3 Ra1 54. Kg2 a2 55. Kh2 Kg7 56. f5 Kf7 57.
f6 Kf8 58. Kg2 Ke8 59. Kh2 Kf7 60.
Kg2 Kg6 61. Kh2 Kf7 62. Kg2 Kg6 63. Kh2 Kf7 1/2-1/2

[Event "*** SCC Grand Prix: Titled Tuesday Blitz"]
[Site "Chess.com"]
[Date "2020.06.09"]
[Round "7"]
[White "Onischuk_V"]
[Black "VincentKeymer"]
[Result "0-1"]
[WhiteElo "2884"]
[BlackElo "2773"]
[TimeControl "180+1"]
[EndTime "10:19:29 PDT"]
[Termination "VincentKeymer won on time"]

1. e4 e6 2. d4 d5 3. Bd3 dxe4 4. Bxe4 Nf6 5. Bf3 c5 6. Ne2 Nc6 7. Be3 cxd4 8. Nxd4 Ne5 9. Nc3 a6 10. Qe2 Nxf3+ 11.
Qxf3 e5 12. Nf5 Qa5 13. Ng3 Qb4 14. Ne4 Bg4 15. Nxf6+ gxf6 16. Qd5 Qxb2 17. O-O Qxc3 18. Qxb7 Qc8 19. Qb6 Rb8 20. Qxf6 Rg8 21. Qxe5+ Be6 22. Bf4 Rb5 23. Qe3 Bc5 24. Qd3 Rg6 25. Bg3 Be7 26. Rfe1 h5 27. h4 Qc4 28. Qf3 Qd5 29. Qf4 Rg4 30. Qh6 Rg8 31. c4 Qxc4 32. Rac1 Qd5 33. Qh7 Rf8 34. Rcd1 Qf5 35. Qh6 Rd5 36. Rb1 Rg8 37.
Rb8+ Rd8 38. Rxd8+ Bxd8 39. Qe3 Be7 40. Qa7 Qb5 41.
Qa8+ Bd8 42. Rd1 Ke7 43. Qa7+ Kf6 44. Qd4+ Kg6 45. a4 Qf5 46. Qa7 a5 47. Qb8 Qf6 0-1

[Event "*** SCC Grand Prix: Titled Tuesday Blitz"]
[Site "Chess.com"]
[Date "2020.06.09"]
[Round "7"]
[White "RaunakSadhwani2005"]
[Black "Semen_Khanin"]
[Result "1-0"]
[WhiteElo "2903"]
[BlackElo "2739"]
[TimeControl "180+1"]
[EndTime "10:19:29 PDT"]
[Termination "RaunakSadhwani2005 won by checkmate"]

1. e4 c5 2. Nc3 Nc6 3. Bb5 Nd4 4.
Nf3 Nxb5 5. Nxb5 d6 6. d4 cxd4 7. Nfxd4 Nf6 8. Qd3 a6 9. Nc3 g6 10. Bg5 Bg7 11. O-O-O O-O 12. h4 h5 13. f3 Qa5 14.
Kb1 Be6 15. Bd2 Qc5 16. Be3 Qc4 17. Qd2 b5 18. b3 Qc8 19. Nce2 a5 20. Bh6 a4 21.
Bxg7 Kxg7 22. g4 Rh8 23. g5 Nd7 24. f4 Bg4 25. f5 Ne5 26. Rdf1 axb3 27. cxb3 Qc5 28.
f6+ exf6 29. gxf6+ Kh7 30. Nf4 Rhc8 31. Rc1 Qa3 32.
Nd5 Nf3 33. Nxf3 Bxf3 34. Rxc8 Rxc8 35. Re1 Rc5 36. Nb4 Re5 37. Qc3 Bxe4+ 38. Ka1 Qa5 39. Kb2 Qb6 40. Re3 Qc5 41. Qd2 Bf5 42. Rc3 Qg1 43. Rc7 Be6 44. Qxd6 Re2+ 45. Nc2 Qg2 46. Qf8 Rxc2+ 47. Rxc2 Qe4 48. Qg7# 1-0

[Event "*** SCC Grand Prix: Titled Tuesday Blitz"]
[Site "Chess.com"]
[Date "2020.06.09"]
[Round "7"]
[White "ARTHURMOTIVATOR"]
[Black "Ceejay271"]
[Result "1/2-1/2"]
[WhiteElo "2273"]
[BlackElo "2384"]
[TimeControl "180+1"]
[EndTime "10:19:30 PDT"]
[Termination "Game drawn - insufficient material"]

1. e4 c5 2. b3 d5 3. exd5 Qxd5 4. Nc3 Qd8 5. Nf3 Nf6 6. Bc4 e6 7. O-O Be7 8. d4 cxd4 9. Nxd4 O-O 10. Ndb5 a6 11.
Qxd8 Bxd8 12. Nd6 Nc6 13. Nxc8 Rxc8 14. Ba3 Be7 15. Bxe7 Nxe7 16. Ne2 b5 17. Bd3 Ned5 18. a4 Nb4 19. axb5 Nxd3 20. cxd3 axb5 21. Ra5 Rc5 22. b4 Re5 23. Nc3 Rb8 24. d4 Rf5 25. Rfa1 h5 26. f3 Nd5 27. Rxb5 Rxb5 28. Nxb5 Nxb4 29.
Nd6 Rf4 30. Ra8+ Kh7 31. Kf2 Rxd4 32. Nxf7 h4 33. Rh8+ Kg6 34. Ne5+ Kf5 35. Ng4 Rd2+ 36. Ke1 Rxg2 37. Ne3+ Kf4 38. Nxg2+ Kxf3 39. Nxh4+ Kg4 40. Ng6 Nd3+ 41. Kd2 Nf2 42. Re8 Kf5 43. Ke3 Ng4+ 44.
Kf3 Nxh2+ 45. Kg3 Nf1+ 46. Kf2 Nd2 47. Nf8 Ne4+ 48. Ke3 e5 49. Ra8 g5 50. Ra5 Nf6 51. Rb5 g4 52. Kf2 Kf4 53. Rb4+ e4 54. Ne6+ Ke5 55.
Ng5 Kf5 56. Nf7 Kf4 57. Nd6 g3+ 58. Kg2 Ke5 59. Nxe4 Nxe4 60. Rxe4+ Kxe4 61. Kxg3 1/2-1/2

[Event "*** SCC Grand Prix: Titled Tuesday Blitz"]
[Site "Chess.com"]
[Date "2020.06.09"]
[Round "7"]
[White "Ariadna_Atreides"]
[Black "fridaywins"]
[Result "0-1"]
[WhiteElo "1953"]
[BlackElo "2212"]
[TimeControl "180+1"]
[EndTime "10:19:31 PDT"]
[Termination "fridaywins won on time"]

1. d4 Nf6 2. Nf3 g6 3. c4 Bg7 4. Nc3 O-O 5. e4 d6 6. Be2 e5 7. d5 a5 8. Bg5 h6 9. Bh4 g5 10. Bg3 Nh5 11. Nd2 Nf4 12. O-O b6 13. Bg4 Nd7 14.
a3 Nf6 15. Bxc8 Qxc8 16. b4 h5 17. f3 h4 18. Bf2 Nd3 19. Be3 h3 20. g3 g4 21. Rb1 axb4 22. axb4 gxf3 23. Qxf3 Ng4 24. Bg5 f6 25. Bh4 Ndf2 26. Rxf2 Nxf2 27. Qxf2 f5 28. Qe2 f4 29. Rf1 Ra3 30. Nb5 Re3 31. Qd1 Qd7 32. g4 Rd3 33. Qe2 Re3 34. Qd1 Ra8 35. Bf2 Ra2 36.
Bxe3 fxe3 37. Nf3 e2 38. Qe1 Qxg4+ 39. Qg3 exf1=Q+ 40. Kxf1 Qxg3 41. hxg3 h2 42. Nxh2 Rxh2 43. Nxc7 Rb2 44. Nb5 Bf8 45. c5 dxc5 46. d6 Rxb4 47. d7 Be7 48. Nc7 Rxe4 49. Nd5 Bd8 0-1

[Event "*** SCC Grand Prix: Titled Tuesday Blitz"]
[Site "Chess.com"]
[Date "2020.06.09"]
[Round "7"]
[White "Indianlad"]
[Black "BocharovD"]
[Result "1-0"]
[WhiteElo "2984"]
[BlackElo "2757"]
[TimeControl "180+1"]
[EndTime "10:19:33 PDT"]
[Termination "Indianlad won by resignation"]

1. d4 Nf6 2. c4 e6 3. Nf3 d5 4. g3 Bb4+ 5. Bd2 Be7 6. Bg2 O-O 7. O-O Nbd7 8. Qc2 Ne4 9. Nc3 Nxd2 10. Nxd2 c6 11. Rad1 f5 12. a3 a5 13. Rb1 Nf6 14. b4 Ne4 15. e3 axb4 16. axb4 Ra3 17. Ndxe4 fxe4 18. Rb3 Rxb3 19. Qxb3 Kh8 20. b5 Bd7 21.
bxc6 Bxc6 22. Ra1 Qe8 23. Ra2 Qf7 24. cxd5 exd5 25. Bf1 h5 26. Qd1 Bb4 27. Qb3 Be7 28. h4 g5 29. hxg5 Bxg5 30. Qd1 h4 31. g4 Qe6 32. Bg2 Kg7 33. Rc2 Rf6 34. Bxe4 h3 35.
Bf5 Rxf5 36. gxf5 Qxf5 37. f4 Bh4 38. Kh2 Bd7 39. Rd2 Kh6 40. Qf3 Be6 41. Ne2 Qb1 42. Ng3 Qe1 43. Rb2 Kg7 44. f5 Bf7 45. Qg4+ Kf8 46. Qxh4 1-0